 Dungeon Crawl Stone Soup version 0.27.1 (webtiles) character file.

Game seed: 735980516823514323

51 MajorAdolf the Skirmisher (level 3, -2/39 HPs)
             Began as a Naga Wanderer on Sept 4, 2021.
             Slain by an orc (6 damage)
             ... on level 2 of the Dungeon.
             The game lasted 00:03:02 (1232 turns).

MajorAdolf the Skirmisher (Naga Wanderer)           Turns: 1232, Time: 00:03:03

Health: -2/39      AC:  3    Str: 15    XL:     3   Next: 81%
Magic:  3/3        EV:  9    Int: 14    God:
Gold:   71         SH:  0    Dex:  8    Spells: 2/2 levels left

rFire    . . .     SeeInvis +   m - +0 short sword
rCold    . . .     Faith    .   (no shield)
rNeg     . . .     Spirit   .   e - +0 robe
rPois    +         Reflect  .   (no helmet)
rElec    .         Harm     .   n - +0 cloak
rCorr    .         Rampage  .   (no gloves)
Will     .....                  (no barding)
Stlth    ++........             (no amulet)
HPRegen  0.13/turn              (no ring)
MPRegen  0.08/turn              (no ring)

@: short of breath, very slow
A: AC +1, large, see invisible, deformed body, poison resistance, slowness 2,
spit poison 1, naga tail 1
a: Spit Poison


You were on level 2 of the Dungeon.
You visited 1 branch of the dungeon, and saw 2 of its levels.

You collected 71 gold pieces.

Inventory:

Hand Weapons
 m - a +0 short sword (weapon)
Missiles
 a - 56 arrows
 g - 36 stones (quivered)
Armour
 e - a +0 robe (worn)
 n - a +0 cloak (worn)
Scrolls
 f - a scroll of fear
 h - a scroll of noise {unknown}
 i - a scroll of identify {unknown}
 j - a scroll of amnesia {unknown}
 k - a scroll of blinking {unknown}
Potions
 b - a potion of berserk rage
 d - 2 potions of curing
 l - a potion of degeneration {unknown}


   Skills:
 + Level 5.3 Fighting
 - Level 1.0 Throwing
 - Level 5.0 Stealth
 - Level 1.0 Shields
 - Level 2.0 Unarmed Combat


You had 2 spell levels left.
You didn't know any spells.
Your spell library was empty.

Dungeon Overview and Level Annotations

Branches:
Dungeon (2/15)

Altars:


Innate Abilities, Weirdness & Mutations

Your serpentine skin is tough. (AC +1)
You have supernaturally acute eyesight. (SInv)
Armour fits poorly on your strangely shaped body.
Your system is resistant to poisons. (rPois)
You cover ground very slowly.
You can spit poison.
You have a snake-like lower body.


Message History

Training target 5.0 for Stealth reached!
Your Stealth skill increases to level 5!
You need to enable at least one skill for training.
You barely miss the orc. The orc barely misses you.
You hit the orc.
The orc is lightly wounded.
The orc hits you with a +0 short sword.
You closely miss the orc.
The orc is lightly wounded.
The orc hits you with a +0 short sword.
You hit the orc but do no damage.
The orc is lightly wounded.
You have got your breath back.
The orc hits you but does no damage.
Press: ? - help, Shift-Dir - straight line, f/p - orc
Aim: an orc, wielding a +0 short sword and wearing a +0 ring mail (lightly wounded)
The splash of poison hits the orc but does no damage.
The orc is poisoned.
The orc is lightly wounded.
The orc hits you with a +0 short sword.
You hit the orc but do no damage.
The orc is heavily wounded.
The orc hits you with a +0 short sword.
You hit the orc.
You kill the orc!
You have got your breath back.
Unknown command.
You closely miss the orc. The orc hits you with a +0 hand axe.
* * * LOW HITPOINT WARNING * * *
Press: ? - help, Shift-Dir - straight line, f - orc
Aim: an orc, wielding a +0 hand axe The splash of poison hits the orc.
The orc is poisoned.
The orc is heavily wounded.
The orc hits you with a +0 hand axe!
* * * LOW HITPOINT WARNING * * *
Unknown command.
You hit the orc.
The orc is heavily wounded.
The orc hits you with a +0 hand axe.
You die...

..........รท............#
#####...#######)######
#<#.# ###).# #.#.# #...##
#.#..###.### ###.##...#.#
#####...# ##.#.#
......#####....#
#......o@.#.##
#......####..#######
#.....## ##........
#####.# #........ #..#
#........ ###.##
##........ #...#
###..####### #o.o.###
#...## #..[..#####.####


You could see an orc (poisoned).

Vanquished Creatures
  An orc wizard (D:2)
  2 gnolls (D:2)
  An orc (D:2)
  An endoplasm (D:1)
  A bat (D:2)
  A frilled lizard (D:1)
  A rat (D:1)
8 creatures vanquished.

Vanquished Creatures (others)
  A demonic plant (D:1)
  A fungus (D:1)
  2 withered plants (D:1)
4 creatures vanquished.

Grand Total: 12 creatures vanquished

Notes
Turn   | Place    | Note
-------+----------+-------------------------------------------
     0 | D:1      | MajorAdolf the Naga Wanderer began the quest for the Orb.
     0 | D:1      | MajorAdolf set off with the following items: a +0 club, a
                  | potion of berserk rage, a potion of lignification, a potion
                  | of curing, a +0 robe, a scroll of fear
     0 | D:1      | Reached XP level 1. HP: 25/25 MP: 1/1
   267 | D:1      | Found a faded altar of an unknown god.
   948 | D:2      | Reached XP level 2. HP: 26/32 MP: 2/2
  1029 | D:2      | Reached XP level 3. HP: 34/39 MP: 3/3
  1223 | D:2      | Reached skill level 5 in Stealth
  1232 | D:2      | Slain by an orc

Illustrated notes

Levels and vault maps discovered:
D:1:      dpeg_arrival_pond, layout_loops_ring, shapermc_ecumenical_altar_gd
D:2:      minmay_roachtagon, layout_rooms

Skill      XL: |  1  2  3 |
---------------+----------+-----
Stealth        | 3 4 5 |  5.0
Fighting       | |  5.3
Throwing       | |  1.0
Shields        | |  1.0
Unarmed Combat | |  2.0

Action                   || total
-------------------------++-------
Melee: Short sword       ||    39
 Abil: Spit Poison       ||    15
  Use: Potion            ||     1
Armor: Skin              ||     7
       Robe              ||     2
Dodge: Dodged            ||    10
